 Dungeon Crawl Stone Soup version 0.28.0-47-ge53b351184 (webtiles) character file.

Game seed: 4507077596834576404

14465 101zpm the Thaumaturge (level 12, -3/76 HPs)
             Began as a Djinni Ice Elementalist on Apr 27, 2022.
             Was a Believer of Makhleb.
             Slain by an eight-headed hydra (4 damage)
             ... while petrified by Jorgrun
             ... on level 12 of the Dungeon.
             The game lasted 00:59:39 (19372 turns).

101zpm the Thaumaturge (Djinni Ice Elementalist)   Turns: 19372, Time: 00:59:39

Health: -3/76      AC:  3    Str:  7    XL:     12   Next: 45%
Gold:   540        EV:  2    Int: 20    God:    Makhleb [**....] SH:  0 Dex: 16

rFire   + + +      SeeInvis +   e - +0 dagger (protect)
rCold   . . .      Faith    .   s - orb {mayhem}
rNeg    + + +      Spirit   .   I - +0 robe {rF+}
rPois   ∞          Reflect  .   E - +1 hat {SInv}
rElec   .          Harm     .   (no cloak)
rCorr   .          Rampage  .   (no gloves)
Will    +....                   (boots unavailable)
Stlth   +++.......              b - amulet of the acrobat
HPRegen 0.22/turn               q - ring of positive energy
MPRegen 0.00/turn               H - ring of protection from cold

@: petrified, freezing walls, flying
A: sickness immunity, fire resistance 2, cold vulnerability 1, float, innate
caster, HP casting, extra vitality 1
a: Renounce Religion, Minor Destruction


You were on level 12 of the Dungeon.
You worshipped Makhleb.
Makhleb was pleased with you.
You visited 2 branches of the dungeon, and saw 13 of its levels.
You also visited: Bailey.

You collected 540 gold pieces.

Inventory:

Hand Weapons
 e - a +0 dagger of protection (weapon)
 x - a +5 trident of venom
Missiles
 j - a throwing net
Armour
 a - a +0 robe
 s - an orb of mayhem (worn)
 E - a +1 hat of see invisible (worn)
 I - a +0 robe of fire resistance (worn)
Jewellery
 b - an amulet of the acrobat (around neck)
 o - a ring of fire
 q - a ring of positive energy (left hand)
 G - a +4 ring of protection
 H - a ring of protection from cold (right hand)
Wands
 w - a wand of mindburst (6)
 J - a wand of flame (12)
 K - a wand of polymorph (2)
Scrolls
 c - 2 scrolls of vulnerability
 i - 4 scrolls of brand weapon
 k - 2 scrolls of summoning {unknown}
 l - 3 scrolls of holy word
 n - 4 scrolls of fog
 r - 5 scrolls of teleportation
 t - 2 scrolls of magic mapping
 u - 2 scrolls of fear {unknown}
 v - 4 scrolls of blinking {unknown}
 y - 2 scrolls of noise {unknown}
 D - a scroll of immolation {unknown}
 F - a scroll of amnesia {unknown}
 L - a scroll of identify
Potions
 d - 3 potions of resistance {unknown}
 f - 2 potions of heal wounds {unknown}
 g - 5 potions of curing {unknown}
 h - 2 potions of lignification {unknown}
 m - a potion of brilliance {unknown}
 p - a potion of mutation {unknown}
 z - a potion of attraction {unknown}
 A - 2 potions of flight {unknown}
 B - a potion of berserk rage {unknown}
 C - a potion of cancellation {unknown}
 M - a potion of haste {unknown}


   Skills:
 + Level 3.0 Fighting
 + Level 1.7 Short Blades
 + Level 5.7 Dodging
 + Level 4.5 Stealth
 + Level 0.2 Unarmed Combat
 + Level 14.0 Spellcasting


You had 15 spell levels left.
You knew the following spells:

 Your Spells              Type           Power      Damage    Failure   Level
a - Freeze                Ice            100%       1d11      0%          1
b - Frozen Ramparts       Ice            100%       1d12      1%          3
c - Ozocubu's Armour      Ice            63%        N/A       1%          3
d - Hailstorm             Conj/Ice       63%        3d13      1%          4
e - Apportation           Tloc           100%       N/A       0%          1
f - Blink                 Tloc           100%       N/A       1%          2
g - Scorch                Fire           100%       2d10      1%          2
h - Vampiric Draining     Necr           63%        2d10      1%          3
i - Lee's Rapid Deconstr  Erth           31%        3d17*     1%          5
Your spell library was empty.

Dungeon Overview and Level Annotations

Branches:
Dungeon (12/15)            Temple (1/1) D:4            Lair (0/6) D:9
 Bailey (visited)
    Orc: D:9-12

Altars:
Ashenzari
Cheibriados
Dithmenos
Elyvilon
Fedhas
Gozag
Hepliaklqana
Kikubaaqudgha
Makhleb
Nemelex Xobeh
Okawaru
Qazlal
Ru
Sif Muna
Trog
Uskayaw
Vehumet
Wu Jian
Xom
Yredelemnul
Zin
The Shining One
Beogh

Shops:
D:3 =

Annotations:
D:4 3 runed translucent doors, kitty14015's ghost, amateur KoEn
D:7 1 runed translucent door, Peloso's ghost, novice MiFi
D:12 Fannar; Jorgrun


Innate Abilities, Weirdness & Mutations

You are immune to sickness and miasma.
You are immune to poison.
Your flesh is very heat resistant. (rF++)
You are vulnerable to cold. (rC-)
You float through the air rather than walking.
You learn spells naturally, not from books.
Your magical power is your life essence.
You have superior vitality. (+4 MHP)


Message History

You are slowing down.
Your limbs are stiffening.
Casting: Lee's Rapid Deconstruction (dangerous; 1% risk of failure)
Confirm with . or Enter, or press ? or * to list all spells.
Casting: Frozen Ramparts (safe; 1% risk of failure)
Press: ? - help, Dir - look around, f - activate The walls around you are covered in ice.
You have turned to stone.
Some rock shatters into small pieces.
The wall freezes Jorgrun!
The wall freezes Jorgrun!
Jorgrun hits you with a +0 vorpal quarterstaff!
An eight-headed hydra comes into view.
The wall freezes Jorgrun!
Jorgrun hits you with a +0 vorpal quarterstaff.
The wall freezes Jorgrun.
Jorgrun hits you with a +0 vorpal quarterstaff!
The wall freezes the eight-headed hydra!
The eight-headed hydra seems to slow down.
The wall freezes Jorgrun!
Jorgrun hits you with a +0 vorpal quarterstaff!
The wall freezes Jorgrun.
Jorgrun hits you with a +0 vorpal quarterstaff!!
The wall freezes the eight-headed hydra!
The eight-headed hydra seems to slow down.
The wall freezes Jorgrun.
Jorgrun hits you with a +0 vorpal quarterstaff!
The eight-headed hydra bites you!
* * * LOW HITPOINT WARNING * * *
The eight-headed hydra bites you.
* * * LOW HITPOINT WARNING * * *
The eight-headed hydra bites you but does no damage. x2
The eight-headed hydra bites you!
* * * LOW HITPOINT WARNING * * *
The eight-headed hydra bites you!
* * * LOW HITPOINT WARNING * * *
The eight-headed hydra bites you!
* * * LOW HITPOINT WARNING * * *
The eight-headed hydra bites you!
You die...

.... ###........
.... ##.........
.... g.##.........
..)#
#............#
...#
+#.#..........# #
...#
..#..........#.#.
...#
.........D........
...#<....g@.......
.........#........
..........†.......
..#####.######....
..........<# ...
.#######.#.# ..
........# .
###.....# +.....#


You could see Jorgrun and an eight-headed hydra (slow).

Vanquished Creatures
  Gastronok (D:9)
  3 two-headed ogres
  An orc knight (Bailey)
  A deep elf pyromancer (D:7)
  An ugly thing (D:11)
  2 komodo dragons (D:11)
  2 trolls
  2 slime creatures
  Sigmund (D:5)
  4 fire bats (D:10)
  2 wyverns
  4 hogs (D:8)
  A basilisk (D:11)
  12 yaks
  2 steam dragons
  2 vampire mosquitoes (D:12)
  3 wargs (D:9)
  An acid dragon (D:10)
  Edmund (D:6)
  3 water moccasins
  A hell hound (D:10)
  6 orc warriors
  A sky beast (D:8)
  5 black bears
  A necrophage (D:6)
  3 ogres
  2 centaurs
  2 kobold brigands
  2 bullfrogs
  2 gnoll sergeants
  A scorpion (D:4)
  A water moccasin zombie (D:3)
  2 wyvern skeletons (D:7)
  2 killer bees (D:11)
  4 howler monkeys
  2 lava snakes (D:10)
  A centaur zombie (D:9)
  4 hounds
  7 orc priests
  2 gnoll shamans
  9 orc wizards
  2 howler monkey zombies (D:9)
  18 gnolls
  A howler monkey skeleton (D:4)
  8 adders
  4 river rats (D:5)
  A shadow imp (D:7)
  An ufetubus (D:7)
  A worm (D:2)
  2 dart slugs
  46 orcs
  5 ball pythons
  11 endoplasms
  A giant cockroach (D:1)
  7 goblins
  7 hobgoblins
  4 jackals (D:2)
  17 kobolds
  7 quokkas
  4 bats
  4 frilled lizards
  7 rats
  3 fire vortices (D:10)
270 creatures vanquished.

Vanquished Creatures (collateral kills)
  A human (D:8)
  2 yaks (D:10)
  An orc priest (D:9)
  A shadow imp (D:8)
  An orc (D:6)
  2 kobolds (D:8)
8 creatures vanquished.

Vanquished Creatures (others)
  A yak (D:9)
  A killer bee (D:11)
  A goblin (D:10)
  A kobold (D:10)
  17 plants
21 creatures vanquished.

Grand Total: 299 creatures vanquished

Notes
Turn   | Place    | Note
-------+----------+-------------------------------------------
     0 | D:1      | 101zpm the Djinni Ice Elementalist began the quest for the
                  | Orb.
     0 | D:1      | Reached XP level 1. HP: 15/15 MP: 0/0
   151 | D:1      | Reached XP level 2. HP: 17/21 MP: 0/0
   824 | D:1      | Reached XP level 3. HP: 19/25 MP: 0/0
   824 | D:1      | Learned a level 1 spell: Apportation
  1441 | D:2      | Reached skill level 4 in Spellcasting
  1897 | D:2      | Reached XP level 4. HP: 29/31 MP: 0/0
  2289 | D:2      | Reached XP level 5. HP: 30/35 MP: 0/0
  2289 | D:2      | Learned a level 2 spell: Blink
  3574 | D:3      | Reached skill level 5 in Spellcasting
  3574 | D:3      | Reached XP level 6. HP: 9/41 MP: 0/0
  4055 | D:4      | Noticed a black bear
  4066 | D:4      | Killed a black bear
  4067 | D:4      | Reached skill level 1 in Short Blades
  4067 | D:4      | Reached XP level 7. HP: 41/46 MP: 0/0
  4067 | D:4      | Learned a level 2 spell: Scorch
  4112 | D:4      | Found a staircase to the Ecumenical Temple.
  4579 | D:4      | Reached skill level 1 in Fighting
  4579 | D:4      | Reached skill level 6 in Spellcasting
  4965 | D:3      | Found Lus Usas's One-of-a-Kind Rings.
  5440 | D:3      | Reached XP level 8. HP: 41/52 MP: 0/0
  5842 | D:3      | Found a faded altar of an unknown god.
  6540 | D:4      | Found a runed translucent gate.
  6540 | D:4      | Found a runed translucent gate.
  6540 | D:4      | Found a runed translucent gate.
  6543 | D:4      | Noticed kitty14015's ghost (amateur KoEn)
  6546 | D:4      | Identified the +9 hunting sling "Diamook" {venom, rPois}
  6636 | D:4      | Noticed a yak
  6637 | D:4      | Noticed a yak
  6637 | D:4      | Noticed a yak
  6651 | D:4      | Noticed a yak
  6654 | D:4      | Killed a yak
  6654 | D:4      | Noticed a yak
  6655 | D:4      | Reached skill level 7 in Spellcasting
  6656 | D:4      | Noticed a yak
  6659 | D:4      | Killed a yak
  6667 | D:4      | Killed a yak
  6670 | D:4      | Killed a yak
  6671 | D:4      | Reached skill level 8 in Spellcasting
  6671 | D:4      | Reached XP level 9. HP: 35/57 MP: 0/0
  6671 | D:4      | Learned a level 3 spell: Vampiric Draining
  7006 | D:5      | Entered Level 5 of the Dungeon
  7357 | D:5      | Reached skill level 9 in Spellcasting
  7520 | D:5      | Noticed Sigmund
  7529 | D:5      | Killed Sigmund
  8593 | D:6      | Reached XP level 10. HP: 57/63 MP: 0/0
  8741 | D:6      | Noticed Edmund
  8751 | D:6      | Killed Edmund
  9270 | D:7      | Reached skill level 10 in Spellcasting
  9613 | D:7      | Found an opulent altar of Gozag.
 10020 | D:7      | Found a runed translucent door.
 10020 | D:7      | Noticed Peloso's ghost (novice MiFi)
 10117 | D:7      | Noticed a two-headed ogre
 10125 | D:7      | Killed a two-headed ogre
 10411 | Temple   | Entered the Ecumenical Temple
 10711 | Temple   | Became a worshipper of Makhleb the Destroyer
 10820 | D:8      | Noticed a deep elf pyromancer
 10826 | D:7      | Killed a deep elf pyromancer
 12166 | D:8      | Reached skill level 11 in Spellcasting
 12523 | D:8      | Reached XP level 11. HP: 54/69 MP: 0/0
 12523 | D:8      | Learned a level 5 spell: Lee's Rapid Deconstruction
 12527 | D:8      | Reached skill level 5 in Dodging
 13359 | D:9      | Reached skill level 12 in Spellcasting
 13696 | D:9      | Found a staircase to the Lair.
 14081 | D:9      | Noticed Gastronok
 14104 | D:9      | Killed Gastronok
 14648 | D:9      | Reached * piety under Makhleb
 15470 | D:10     | Entered Level 10 of the Dungeon
 15481 | D:10     | Found a flagged portal.
 15540 | Bailey   | Entered a bailey
 15982 | Bailey   | Noticed an orc knight
 15989 | Bailey   | Killed an orc knight
 15994 | Bailey   | Noticed an orc knight
 16000 | Bailey   | HP: 3/70 [orc knight/+0 glaive (21)]
 16720 | D:10     | Noticed a two-headed ogre
 16726 | D:10     | Killed a two-headed ogre
 16727 | D:10     | Reached skill level 13 in Spellcasting
 17175 | D:10     | Reached XP level 12. HP: 33/76 MP: 0/0
 17493 | D:10     | Reached ** piety under Makhleb
 17991 | D:11     | Noticed a two-headed ogre
 18009 | D:11     | Killed a two-headed ogre
 18895 | D:11     | Found a glowing silver altar of Zin.
 19076 | D:12     | Noticed Fannar
 19077 | D:12     | Noticed a boulder beetle
 19337 | D:12     | Reached skill level 14 in Spellcasting
 19351 | D:12     | Noticed Jorgrun
 19367 | D:12     | Noticed an eight-headed hydra
 19372 | D:12     | HP: 1/76 [eight-headed hydra (6)]
 19372 | D:12     | Slain by an eight-headed hydra

Illustrated notes

Levels and vault maps discovered:
D:1:      dpeg_arrival_more_subterranean_lakeside_camping, layout_basic
D:2:      layout_loops_ring, kennysheep_small_spiral
D:3:      layout_basic, shapermc_ecumenical_altar_mp_vishouse,
          hangedman_feature_mirror, nicolae_shop_unique_rings,
          grunt_decor_fettered, minivault_19
D:4:      layout_loops_ring, minmay_temple_entry_purple_smoke,
          biasface_ghost_orc_armoury, small_statue_intersection,
          hangedman_decor_diamond_cutter
D:5:      wad_woods_tower, layout_cave_pools, sigmund_army
D:6:      layout_loops_ring, uniq_edmund
D:7:      layout_basic, overflow_temple_1_default, gammafunk_ghost_grave,
          abandoned_shop
D:8:      layout_rooms, grunt_livestock, minmay_diced_spiral
D:9:      layout_layer_cave, erik_lair_orcish_takeover, billiards_dpeg,
          uniq_gastronok
D:10:     layout_irregular_city, enter_bailey_5, hangedman_incinerator
D:11:     layout_rooms, zin_statuary
D:12:     layout_basic, minmay_orc_entry_temple_small, nicolae_ru_awakened_eye,
          uniq_fannar, uniq_jorgrun
Temple:   mainiacjoe_temple_circle_huts

Skill      XL: |  1  2  3  4  5  6  7  8  9 10 11 12 |
---------------+-------------------------------------+-----
Spellcasting   | 4 5 6 8 9 11 13 14 | 14.0
Stealth        | 2 3 4 |  4.5
Short Blades   | 1 |  1.7
Dodging        | 3 4 5 |  5.7
Fighting       | 1 2 3 |  3.0
Unarmed Combat | |  0.2

Action                   |  1- 3 |  4- 6 |  7- 9 | 10-12 || total
-------------------------+-------+-------+-------+-------++-------
Melee: Unarmed           |     4 |       |       |       ||     4
       Dagger            |       |    49 |     4 |       ||    53
 Cast: Freeze            |    50 |    47 |    67 |    35 ||   199
       Frozen Ramparts   |       |     5 |    25 |    78 ||   108
       Ozocubu's Armour  |       |     1 |    11 |    36 ||    48
       Blink             |       |     1 |       |       ||     1
       Scorch            |       |       |    12 |    96 ||   108
       Hailstorm         |       |       |     5 |     4 ||     9
       Lee's Rapid Decon |       |       |       |    39 ||    39
       Vampiric Draining |       |       |       |     8 ||     8
  Use: Scroll            |       |       |       |     7 ||     7
Armor: Robe              |     4 |    27 |    14 |    29 ||    74
Dodge: Dodged            |    24 |    56 |    84 |   149 ||   313
